Map: 죽음의 밤

Players

광물

  • Race: Protoss Protoss
  • Spawn Location: 0:00

펜타네스트

  • Race: Terran Terran
  • Spawn Location: 0:00

VOD

Have the link to the VOD?

Description

Time

  • Played on: Aug. 20, 2017, 10:30 a.m.
  • Length: 20:50
Show
View Real Time Build Order
Export as new Build Order

광물 Protoss 

Build Orders:  

Get SALT Encoding   

  12  0:03  Probe (Chrono Boost)  
  12  0:06  Dark Pylon  
  13  0:16  Probe (Chrono Boost)  
  14  0:27  Probe (Chrono Boost)  
  14  0:29  Assimilator  
  15  0:37  Assimilator  
  15  0:46  Assimilator  
  15  0:52  Probe (Chrono Boost)  
  16  1:04  Probe (Chrono Boost)  
  17  1:14  Gateway  
  17  1:18  Probe (Chrono Boost)  
  18  1:29  Probe (Chrono Boost)  
  19  1:41  Probe (Chrono Boost)  
  19  1:43  Forge  
  20  1:53  Probe (Chrono Boost)  
  20  1:54  Pylon  
  21  2:05  Probe (Chrono Boost)  
  22  2:16  Probe (Chrono Boost)  
  23  2:20  Cybernetics Core  
  23  2:23  Protoss Ground Weapons Level 1 (Chrono Boost)  
  23  2:28  Probe (Chrono Boost)  
  25  2:40  Probe (Chrono Boost)  
  25  2:52  Probe (Chrono Boost)  
  26  3:03  Probe (Chrono Boost)  
  27  3:11  Death Council  
  27  3:15  Probe (Chrono Boost)  
  27  3:17  Gateway  
  28  3:21  Gateway  
  28  3:28  Gateway  
  28  3:39  Gateway  
  28  3:48  Gateway  
  28  3:57  Pylon  
  28  4:04  Dark Shrine  
  28  4:08  Warp Gate  
  28  4:12  Pylon  
  28  4:51  Shadow Fury (Chrono Boost)  
  28  4:58  Dark Templar  
  28  4:59  Dark Templar x3  
  36  5:05  Protoss Ground Weapons Level 2 (Chrono Boost)  
  36  5:06  Dark Templar  
  38  5:27  Dark Templar  
  38  5:29  Pylon  
  40  5:33  Pylon  
  40  5:47  Dark Templar  
  42  5:50  Dark Templar  
  44  6:00  Dark Templar  
  46  6:21  Dark Templar, Dark Templar Blink (Chrono Boost)  
  48  6:30  Dark Templar  
  48  6:31  Dark Templar  
  52  6:42  Pylon  
  52  6:46  Dark Templar  
  54  6:58  Dark Templar  
  56  7:03  Dark Templar  
  58  7:13  Dark Templar  
  60  7:25  Dark Templar  
  62  7:30  Pylon  
  62  7:38  Dark Templar  
  64  7:52  Dark Templar x2  
  68  8:09  Pylon x2  
  68  8:13  Dark Templar  
  70  8:24  Dark Templar  
  70  8:28  Dark Templar  
  74  8:57  Dark Templar x2  
  78  9:08  Dark Templar  
  80  9:24  Dark Templar  
  82  9:55  Dark Templar  
  82  9:56  Dark Templar x2  
  88  10:40  Dark Templar  
  88  10:41  Dark Templar x2  
  88  10:44  Pylon  
  88  10:45  Pylon  
  88  10:48  Pylon  
  90  11:28  Protoss Ground Weapons Level 3 (Chrono Boost)  
  90  11:52  Stargate  
  90  11:57  Stargate  
  90  12:38  Dark Templar  
  90  12:39  Dark Templar x2  
  96  13:05  Protoss Air Weapons Level 1 (Chrono Boost)  
  96  13:25  Fleet Beacon  
  96  13:37  Pylon x2  
  96  13:40  Pylon x2  
  96  13:41  Pylon  
  96  13:42  Pylon  
  96  13:54  Photon Cannon  
  96  13:55  Photon Cannon  
  96  13:58  Photon Cannon  
  96  14:27  Dark Templar x2  
  98  14:30  Corsair  
  98  14:31  Corsair  
  102  14:47  Stealth Drive  
  102  15:15  Pylon  
  102  15:16  Pylon  
  102  15:18  Pylon  
  97  15:54  Pylon  
  97  15:55  Pylon  
  97  16:07  Corsair (Chrono Boost)  
  97  16:09  Dark Templar  
  103  16:10  Dark Templar x3  
  109  16:21  Corsair (Chrono Boost)  
  109  16:52  Pylon  
  109  16:55  Pylon  
  109  16:58  Pylon  
  109  17:00  Pylon  
  109  17:17  Pylon  
  109  17:19  Pylon, Corsair (Chrono Boost)  
  113  17:37  Corsair (Chrono Boost)  
  113  17:44  Corsair (Chrono Boost)  
  117  18:08  Corsair (Chrono Boost)  
  119  18:12  Corsair (Chrono Boost)  
  115  18:38  Corsair (Chrono Boost)  
  119  18:47  Corsair (Chrono Boost)  
  121  19:17  Corsair (Chrono Boost)  
  123  19:22  Corsair (Chrono Boost)  
  125  19:57  Corsair (Chrono Boost)  
  125  20:08  Corsair (Chrono Boost)  
Show
View Real Time Build Order
Export as new Build Order

펜타네스트 Terran 

Build Orders:  

Get SALT Encoding   

  12  0:03  SCV  
Tags
 
Add a new tag
Caveats
  • Supply blocks, unpowered buildings, or Contaminate may cause inaccurate times.
  • Supply counts are checked every 10 seconds.